 Dungeon Crawl Stone Soup version 0.31-a0-844-gdc52ec4e09 (webtiles) character file.

Game seed: 11270635201627994973

4333 LeprechaunX the Mimic (level 10, 0/61 HPs)
             Began as an Octopode Shapeshifter on Sept 29, 2023.
             Was a Believer of Hepliaklqana.
             Killed from afar by an orc wizard (7 damage)
             ... with a magic dart
             ... on level 8 of the Dungeon.
             The game lasted 00:17:04 (7800 turns).

LeprechaunX the Mimic (Octopode Shapeshifter)       Turns: 7800, Time: 00:17:05

Health: 0/61       AC:  5    Str: 19    XL:     10   Next: 33%
Magic:  13/13      EV: 14    Int: 18    God:    Hepliaklqana [**....]
Gold:   370        SH:  4    Dex: 11    Spells: 9/9 levels left

rFire   . . .        a - +0 sling
rCold   . . .        l - +0 buckler
rNeg    . . .        (helmet currently unavailable)
rPois   .            (no amulet)
rElec   .            j - +4 ring of protection
rCorr   .            t - +6 ring of intelligence
SInv    .            (no ring)
Will    .....        (no ring)
Stlth   +++          (no ring)
HPRegen 0.30/turn    (no ring)
MPRegen 0.13/turn    (no ring)
                     (no ring)

%: no passive effects
@: beast-form
A: beast (slay +4), reduced essence, almost no armour, amphibious, 8 rings,
camouflage 1, gelatinous body 1, nimble swimmer 1, tentacles
a: Begin Untransformation, Renounce Religion, Recall Ancestor, Ancestor Identity


You were on level 8 of the Dungeon.
You worshipped Hepliaklqana.
Hepliaklqana was pleased with you.
You were a hulking beast.
You visited 1 branch of the dungeon, and saw 8 of its levels.
You also visited: Sewer.

You collected 370 gold pieces.

Inventory:

Hand Weapons
 a - a +0 sling (weapon)
 x - a +0 shortbow
Missiles
 w - 5 boomerangs
Armour
 l - a +0 buckler (worn)
Jewellery
 d - a ring of ice
 j - a +4 ring of protection (left tentacle)
 t - a +6 ring of intelligence (right tentacle)
Talismans
 b - a beast talisman (active)
 c - a flux talisman
Wands
 D - a wand of paralysis (6)
Scrolls
 e - 2 scrolls of fog
 i - 5 scrolls of teleportation
 n - a scroll of fear
 p - 2 scrolls of immolation
 q - 2 scrolls of noise
 s - a scroll of poison
 v - 2 scrolls of enchant weapon
 y - a scroll of amnesia {unknown}
 B - a scroll of torment {unknown}
 C - a scroll of brand weapon {unknown}
Potions
 f - 2 potions of cancellation {unknown}
 g - 3 potions of heal wounds
 h - a potion of resistance {unknown}
 k - a potion of ambrosia {unknown}
 m - a potion of lignification
 o - 2 potions of invisibility {unknown}
 r - a potion of haste
 u - 4 potions of attraction {unknown}
 z - 2 potions of curing {unknown}
 A - 3 potions of magic {unknown}


   Skills:
 + Level 6.3 Fighting
 - Level 6.2 Dodging
 + Level 1.7 Shields
 + Level 6.7 Unarmed Combat
 - Level 5.0 Invocations
 * Level 8.7 Shapeshifting


You had 9 spell levels left.
You didn't know any spells.
Your spell library contained the following spells:

 Spells                   Type           Power      Damage    Failure   Level
 Necrotise                Necr           0%         1d4       28%         1
 Call Imp                 Summ           0%         N/A       38%         2
 Dazzling Flash           Conj/Hex       0%         N/A       63%         3
 Vampiric Draining        Necr           0%         2d6       63%         3
 Volatile Blastmotes      Fire/Tloc      0%         2d10      63%         3
 Agony                    Necr           0%         N/A       100%        5
 Silence                  Hex/Air        0%         N/A       100%        5
 Simulacrum               Ice/Necr       0%         N/A       100%        6
 Starburst                Conj/Fire      0%         6d3       100%        6
 Ozocubu's Refrigeration  Ice            0%         4d7       100%        7
 Maxwell's Capacitive Co  Air            0%         ∞         100%        8
 Polar Vortex             Ice            0%         N/A       100%        9


Dungeon Overview and Level Annotations

Branches:
Dungeon (8/15)             Temple (0/1) D:4            Lair (0/5) D:8
  Sewer (visited)

Altars:
Ashenzari
Hepliaklqana
Kikubaaqudgha
Makhleb
Okawaru
Ru
Sif Muna
Trog
Zin
The Shining One

Annotations:
D:7 3 runed translucent doors, Brisketman's ghost, novice GnCj; quakins's ghost, novice TrSh; subawu's ghost, novice GnSh


Innate Abilities, Weirdness & Mutations

You are a hulking beast.
Your limbs bulge with bestial killing power. (Slay +4)
Your life essence is reduced to manifest your ancestor. (-10% HP)
You cannot wear most types of armour.
You are amphibious.
You can wear up to eight rings at the same time.
Your skin changes colour to match your surroundings (Stealth+).
Your rubbery body absorbs attacks. (AC +1, EV +1)
You are camouflaged when in or above water. (Stealth+)
You have tentacles for arms and can constrict up to eight enemies at once.


Message History

Press: ? - help, Q - select action, (/) - cycle Shift-Dir - straight line You shoot a sling bullet.
The orc priest mumbles some strange prayers to Beogh against you.
Beogh smites you!
The orc wizard gestures at you while chanting.
You easily resist.
Fire: a) +0 sling
Press: ? - help, Q - select action, (/) - cycle Shift-Dir - straight line You shoot a sling bullet.
The orc wizard points at you and mumbles some strange words.
You are confused.
Non-targeted confused fire: a) +0 sling
Press: ? - help, Q - select action, (/) - cycle Dir - look around, f - activate You shoot a sling bullet.
The sling bullet completely misses the wolf.
The sling bullet closely misses the wolf.
The orc priest calls down the wrath of Beogh upon you.
Beogh smites you!
The wolf stops to sniff the water.
The wolf bites you.
The orc wizard splashes around in the water.
The wolf bites you but does no damage. The wolf bites you but does no damage.
The wolf bites you.
The centaur wields a +0 shortbow.
The centaur shoots an arrow.
The arrow hits you.
The centaur shoots an arrow.
The arrow closely misses you.
Unknown command.
You feel less confused. The orc wizard casts a spell at you.
The puff of flame misses you.
Unknown command.
You are engulfed in a cloud of scalding steam.
The centaur shoots an arrow.
The arrow misses you.
The orc priest mumbles some strange prayers to Beogh against you.
Beogh smites you!
* * * LOW HITPOINT WARNING * * *
The centaur shoots an arrow.
You block the arrow.
The centaur shoots an arrow.
The arrow completely misses you. The orc wizard casts a spell at you.
The magic dart hits you!
You die...

........## .........## #...
#.......## .... #........#
#######..# ##.......##
#.....#..#
#.....†...#####.......##
##............##.T......#####.
#...)...>......~~~≈≈~.........
##......†..~..~.h≈≈§≈≈~....~.~.
#............~.≈≈≈≈≈≈≈≈~~..~≈..
#...[).......~~†≈≈≈≈≈≈≈≈~.≈≈~..
##..<.......~.†≈≈h≈≈ho≈≈~≈≈≈~..
#...........~~≈≈oooc~o.≈≈≈≈~~.
##........~.~≈≈≈~..h..≈~~≈≈o~.
#..........≈≈≈≈..>...........
#.........~≈.~~≈...~~~~≈~≈~..
#.##........~~~..~...~≈≈≈....


You could see a troll, 3 wolves, a centaur, an orc priest, 2 orc wizards and 2
orcs.

Vanquished Creatures
  Erica (D:8)
  A water moccasin (D:5)
  Duvessa (D:6)
  2 ice beasts
  An orc warrior (D:7)
  A centaur (D:5)
  An ogre (D:6)
  2 kobold brigands
  4 phantoms
  3 bullfrogs
  A scorpion (D:6)
  9 wights
  5 hounds
  3 gnoll boudas
  6 orc priests
  Jessica (D:2)
  3 sleepcaps
  2 orc wizards (D:4)
  Natasha (D:2)
  5 iguanas
  A hell rat (Sewer)
  10 gnolls
  7 adders
  3 shadow imps
  2 white imps
  An ufetubus (D:7)
  3 worms
  4 dart slugs
  23 orcs
  3 endoplasms
  7 giant cockroaches
  5 goblins
  6 hobgoblins
  4 jackals (D:1)
  12 kobolds
  4 quokkas
  9 ball pythons
  7 bats
  4 frilled lizards
  14 rats
182 creatures vanquished.

Vanquished Creatures (collateral kills)
  A water moccasin (D:7)
  An ice beast (D:6)
  2 wolves (D:8)
  An ogre (D:6)
  A wight (D:8)
  Dowan (D:6)
  2 electric eels (D:8)
  A howler monkey (D:5)
  A jelly (D:7)
  A hound (D:8)
  2 orc wizards
  3 gnolls
  An ufetubus (D:7)
  An orc (D:7)
  3 kobolds (D:7)
  2 quokkas (D:6)
24 creatures vanquished.

Vanquished Creatures (others)
  A sky beast (D:6)
  A human (D:6)
  2 battlemagi (D:8)
  6 ancestors
10 creatures vanquished.

Grand Total: 216 creatures vanquished

Notes
Turn   | Place    | Note
-------+----------+-------------------------------------------
     0 | D:1      | LeprechaunX the Octopode Shapeshifter began the quest for
                  | the Orb.
     0 | D:1      | Reached XP level 1. HP: 13/13 MP: 1/1
    43 | D:1      | You fall into a shaft and drop 1 floor!
    44 | D:2      | Noticed Jessica
    52 | D:2      | Killed Jessica
    53 | D:2      | Reached XP level 2. HP: 18/18 MP: 2/2
    53 | D:2      | Reached XP level 3. HP: 23/23 MP: 3/3
   792 | D:1      | Reached XP level 4. HP: 9/29 MP: 4/4
  1296 | D:2      | Noticed Natasha
  1304 | D:2      | Killed Natasha
  1706 | D:3      | Reached skill level 4 in Shapeshifting
  1751 | D:3      | Reached XP level 5. HP: 34/34 MP: 5/5
  2054 | D:3      | Found a hazy altar of Hepliaklqana.
  2081 | D:3      | Became a worshipper of Hepliaklqana the Forgotten
  2597 | D:4      | Found a staircase to the Ecumenical Temple.
  2778 | D:4      | Reached skill level 1 in Invocations
  2782 | D:4      | Reached XP level 6. HP: 41/41 MP: 6/6
  3050 | D:4      | Reached XP level 7. HP: 45/45 MP: 8/8
  3119 | D:4      | Reached skill level 5 in Shapeshifting
  3393 | D:5      | Entered Level 5 of the Dungeon
  3762 | D:5      | Reached * piety under Hepliaklqana
  3776 | D:5      | Reached XP level 8. HP: 30/47 MP: 10/10
  3940 | D:5      | Reached skill level 6 in Shapeshifting
  3962 | D:5      | Found a sacrificial altar of Ru.
  4130 | D:5      | Found a burning altar of Makhleb.
  4319 | D:5      | Found a glowing silver altar of Zin.
  4446 | D:6      | Reached skill level 5 in Unarmed Combat
  4459 | D:6      | Noticed Dowan
  4460 | D:6      | Noticed Duvessa
  4480 | D:6      | Killed Dowan
  4578 | D:6      | Reached skill level 5 in Dodging
  4598 | D:6      | Reached XP level 9. HP: 34/53 MP: 10/12
  4699 | D:6      | Reached skill level 7 in Shapeshifting
  4873 | D:6      | Killed Duvessa
  4874 | D:6      | Reached skill level 5 in Fighting
  4963 | D:6      | Found an iron altar of Okawaru.
  5026 | D:6      | Found a glowing drain.
  5038 | Sewer    | Entered a sewer
  5414 | D:6      | Found an ancient bone altar of Kikubaaqudgha.
  6282 | D:7      | Found a glowing golden altar of the Shining One.
  6323 | D:7      | Found a bloodstained altar of Trog.
  6334 | D:7      | Found a shimmering blue altar of Sif Muna.
  6338 | D:7      | Got a decrepit book
  6387 | D:7      | Reached skill level 5 in Invocations
  6617 | D:7      | Reached skill level 8 in Shapeshifting
  6903 | D:7      | Reached ** piety under Hepliaklqana
  6904 | D:7      | Remembered your ancestor Manar as a battlemage
  7122 | D:7      | Found a runed translucent gate.
  7122 | D:7      | Found a runed translucent gate.
  7122 | D:7      | Found a runed translucent gate.
  7123 | D:7      | Noticed subawu's ghost (novice GnSh)
  7124 | D:7      | Noticed quakins's ghost (novice TrSh)
  7124 | D:7      | Noticed Brisketman's ghost (novice GnCj)
  7217 | D:7      | Found a broken altar of Ashenzari.
  7320 | D:8      | Reached XP level 10. HP: 59/61 MP: 13/13
  7546 | D:8      | Noticed Erica
  7553 | D:8      | Killed Erica
  7554 | D:8      | Reached skill level 1 in Shields
  7730 | D:8      | Found a staircase to the Lair.
  7800 | D:8      | Killed from afar by an orc wizard

Illustrated notes

Levels and vault maps discovered:
D:1:      saegor_arrival_simple_a, layout_basic, nicolae_eternal_life
D:2:      layout_basic, guppyfry_early_lair_pool, uniq_natasha, uniq_jessica
D:3:      layout_loops_ring, marbit_many_paths
D:4:      cheibrodos_helix_gallery, layout_basic, minmay_temple_entry_ruins,
          minmay_fractal_squares_gapless_5
D:5:      layout_rooms, bloody_makhleb, zin_treasury, lemuel_doored_altar
D:6:      lemuel_ice_spiral_2, layout_basic, old_standard_altar,
          tgw_kikubaaqudgha, gup_sewer_entry_pipe, grunt_ministairs_12,
          lemuel_flame_loot_1, uniq_duvessa
D:7:      layout_basic, nzn_overflow_gifts_of_might_and_magic,
          mainiacjoe_overflow_swirl, gammafunk_ghost_cemetery, kennysheep_dice
D:8:      layout_cave_pods, erik_lair_island, uniq_erica, uniq_maurice

Skill      XL: |  1  2  3  4  5  6  7  8  9 10 |
---------------+-------------------------------+-----
Fighting       | 2 3 4 5 6 |  6.3
Shapeshifting  | 4 5 6 8 |  8.7
Dodging        | 3 4 5 6 |  6.2
Invocations    | 1 2 4 5 |  5.0
Unarmed Combat | 4 5 6 |  6.7
Shields        | 1 |  1.7

Action                     |  1- 3 |  4- 6 |  7- 9 | 10-12 || total
---------------------------+-------+-------+-------+-------++-------
  Melee: Unarmed           |    51 |   142 |   249 |    11 ||   453
         Constrict         |    17 |    37 |    61 |     4 ||   119
         Tentacles         |     7 |    30 |    72 |     5 ||   114
         Punch             |     2 |     3 |    15 |       ||    20
   Fire: Sling             |       |     4 |     9 |    45 ||    58
         Shortbow          |       |       |    29 |       ||    29
 Invoke: Recall Ancestor   |       |       |     1 |     1 ||     2
         Ancestor Life: Ba |       |       |     1 |       ||     1
    Use: Scroll            |       |       |     8 |       ||     8
         Potion            |       |       |     3 |       ||     3
   Stab: Sleeping          |     6 |     5 |     7 |       ||    18
         Distracted        |       |     2 |     2 |       ||     4
 Armour: Skin              |    24 |    54 |   167 |    26 ||   271
  Dodge: Dodged            |    35 |    80 |   131 |    19 ||   265
  Block: Buckler           |       |       |       |     2 ||     2

Table legend: (Time is in decaauts)
 A = Elapsed time spent in this place.
 B = Non-inter-level travel time spent in this place.
 C = Inter-level travel time spent in this place.
 D = Time resting spent in this place.
 E = Time spent auto-exploring this place.
 F = Levels seen in this place.
 G = Mean time per level.
                   A        B        C        D        E       F      G
               +--------+--------+--------+--------+--------+-----+--------+
         Total |   7784 |   7289 |    495 |   1285 |   4207 |   9 |  864.9 |
       Dungeon |   7692 |   7197 |    495 |   1285 |   4167 |   8 |  961.5 |
         Sewer |     91 |     91 |      0 |      0 |     40 |   1 |   91.0 |
               +--------+--------+--------+--------+--------+-----+--------+

Top non-repeatable levels by time:
     D:6: 1714 daAuts
     D:7: 1320 daAuts
     D:4: 1005 daAuts
     D:5: 954 daAuts
     D:1: 933 daAuts
     D:3: 794 daAuts
     D:2: 688 daAuts
     D:8: 282 daAuts
   Sewer: 91 daAuts
